 Dungeon Crawl Stone Soup version 0.24.0-1-gfbc8707 (webtiles) character file.

Game seed: 12667356094143043294, levelgen mode: deterministic

1579 Illumine the Thaumaturge (level 8, -3/59 HPs)
             Began as a Gnoll Wizard on Dec 10, 2019.
             Was an Initiate of Ashenzari.
             Killed from afar by a steam dragon (14 damage)
             ... with a ball of steam
             ... on level 8 of the Dungeon on Dec 12, 2019.
             The game lasted 00:24:54 (7126 turns).

Illumine the Thaumaturge (Gnoll Wizard)             Turns: 7126, Time: 00:24:54

Health: -3/59      AC:  6    Str:  9    XL:     8   Next: 91%
Magic:  20/20      EV: 15    Int: 23    God:    Ashenzari [......]
Gold:   344        SH:  0    Dex: 14    Spells: 12/23 levels left

rFire    . . .     SeeInvis .   x - -1 flail (curse)
rCold    . . .     Gourm    .   (no shield)
rNeg     . . .     Faith    .   a - +0 robe
rPois    +         Spirit   .   r - +0 helmet (curse)
rElec    .         Reflect  .   F - +1 cloak (curse)
rCorr    .         Harm     .   A - +0 pair of gloves (curse)
MR       .....                  (no boots)
Stlth    +++.......             m - amulet of magic regeneration (curse)
HPRegen  0.19/turn              f - ring of wizardry (curse)
MPRegen  0.42/turn              g - ring of poison resistance

@: no status effects
A: distributed training, fangs 1, strong nose
a: Curse Item, Renounce Religion


You were on level 8 of the Dungeon.
You worshipped Ashenzari.
Ashenzari was noncommittal.
You were not hungry.

You visited 2 branches of the dungeon, and saw 9 of its levels.
You also visited: Sewer and Ossuary.

You collected 344 gold pieces.

Inventory:

Hand Weapons
 p - a +2 short sword of electrocution
 q - a +0 hunting sling
 v - a +0 dagger of draining
 x - a cursed -1 flail (weapon)
 M - a +0 glaive
 O - a +2 flail of holy wrath
Missiles
 o - 5 atropa-tipped darts (quivered)
 E - 8 silver javelins
Armour
 a - a +0 robe (worn)
 r - a cursed +0 helmet (worn)
 A - a cursed +0 pair of gloves (worn)
 F - a cursed +1 cloak (worn)
Jewellery
 f - a cursed ring of wizardry (left hand)
 g - a ring of poison resistance (right hand)
 m - a cursed amulet of magic regeneration (around neck)
 w - an uncursed ring of protection from cold
 y - an uncursed ring of positive energy
 C - an uncursed ring of see invisible
 D - an uncursed ring of protection from fire
Wands
 n - a wand of paralysis (12)
 s - a wand of polymorph (4)
 G - a wand of flame (20)
Scrolls
 c - a scroll of enchant weapon {unknown}
 e - 6 scrolls of identify
 h - 2 scrolls of noise {unknown}
 i - 3 scrolls of amnesia {unknown}
 u - 3 scrolls of remove curse
 z - a scroll of immolation {unknown}
 K - 2 scrolls of teleportation {unknown}
 N - a scroll of fear {unknown}
Potions
 b - 2 potions of mutation {unknown}
 j - 2 potions of magic
 k - 2 potions of haste
 t - a potion of invisibility {unknown}
 B - 4 potions of curing
 H - 3 potions of flight {unknown}
 I - 5 potions of brilliance {unknown}
 J - a potion of might
 L - 3 potions of agility {unknown}
Comestibles
 d - 12 rations


   Skills:
 + Level 3.6 Fighting
 + Level 3.6 Short Blades
 + Level 3.6 Long Blades
 + Level 3.6 Axes
 + Level 3.6 Maces & Flails
 + Level 3.6 Polearms
 + Level 3.6 Staves
 + Level 3.6 Slings
 + Level 3.6 Bows
 + Level 3.6 Crossbows
 + Level 3.6 Throwing
 + Level 3.6 Armour
 + Level 5.9 Dodging
 + Level 5.6 Stealth
 + Level 3.6 Shields
 + Level 3.6 Unarmed Combat
 + Level 8.1 Spellcasting
 + Level 3.7 Conjurations
 + Level 3.0 Hexes
 + Level 3.0 Charms
 + Level 3.7 Summonings
 + Level 3.0 Necromancy
 + Level 3.7 Translocations
 + Level 3.0 Transmutations
 + Level 3.0 Fire Magic
 + Level 3.0 Ice Magic
 + Level 3.0 Air Magic
 + Level 3.0 Earth Magic
 + Level 3.0 Poison Magic
 + Level 4.0 Invocations
 + Level 3.6 Evocations


You had 12 spell levels left.
You knew the following spells:

 Your Spells              Type           Power        Failure   Level  Hunger
a - Magic Dart            Conj           ####         1%          1    None
b - Blink                 Tloc           N/A          1%          2    None
c - Call Imp              Summ           ####....     1%          2    None
d - Conjure Flame         Conj/Fire      ###.....     2%          3    None
e - Mephitic Cloud        Conj/Pois/Air  ###.....     2%          3    None

Your spell library contained the following spells:

 Spells                   Type           Power        Failure   Level  Hunger
 Corona                   Hex            ###....      1%          1    None
 Slow                     Hex            ###.....     1%          2    None
 Inner Flame              Hex/Fire       ###.....     2%          3    None
 Portal Projectile        Hex/Tloc       ###...       2%          3    None
 Cause Fear               Hex            ###.......   9%          4    ###....
 Leda's Liquefaction      Hex/Erth       ###.......   9%          4    ###....


Dungeon Overview and Level Annotations

Branches:
Dungeon (8/15)             Temple (1/1) D:6           Sewer (visited)
Ossuary (visited)
   Lair: D:8-11

Altars:
Ashenzari
Elyvilon
Fedhas
Hepliaklqana
Nemelex Xobeh
Okawaru
Ru
Uskayaw
Wu Jian
Xom
Yredelemnul
Zin
The Shining One

Annotations:
D:4 2 transporters, Duvessa


Innate Abilities, Weirdness & Mutations

Your experience applies equally to all skills.
You have very sharp teeth.
Your uncanny sense of smell can sniff out nearby items.


Message History

The steam dragon barely misses you.
The steam dragon claws you but does no damage.
Unknown command.
You hit the steam dragon but do no damage.
The steam dragon is almost dead.
Your crimson imp blinks!
The steam dragon breathes steam at you. The ball of steam misses you.
You barely miss the steam dragon.
The steam dragon is almost dead.
You are engulfed in a cloud of scalding steam.
* * * LOW HITPOINT WARNING * * *
The steam dragon completely misses you. The steam dragon claws you.
* * * LOW HITPOINT WARNING * * *
Your crimson imp hits the steam dragon but does no damage.
The steam dragon breathes steam at your crimson imp.
The ball of steam hits your crimson imp.
Your crimson imp resists.
The ball of steam hits you!
You die...

...............# .#
.# ...
+++#####....)..#...
..##.. #............
.....
#..†....##.........
#.§...........###..
###................
#.D5...........#...
#§5............#...
#.@................
##.....>..§........
#..##....§.......#
∆###.......###...###
#........####...# #
#..............## .
#..#..#.#.#.#......
#...#..............
.....#.#.#.#.#......


You could see a steam dragon and 2 friendly crimson imps.

Vanquished Creatures
  2 phantoms
  An ogre (D:4)
  A centaur (D:5)
  A big kobold (Sewer)
  A scorpion (D:6)
  2 crimson imps
  2 hounds (D:5)
  A human zombie (Ossuary)
  2 orc priests (D:4)
  An orc wizard (D:6)
  A centaur skeleton (D:4)
  2 iguanas
  2 worker ants
  A killer bee zombie (D:5)
  A hound zombie (D:6)
  A hound skeleton (D:6)
  A mummy (Ossuary)
  A gnoll (D:4)
  4 adders
  4 river rats
  A shadow imp (D:8)
  2 oozes (D:4)
  An adder skeleton (D:6)
  2 dart slugs (D:1)
  2 leopard geckos
  7 orcs
  7 ball pythons
  4 bats
  3 giant cockroaches
  6 goblins
  5 hobgoblins
  7 jackals
  2 quokkas
  5 frilled lizards
  3 hobgoblin zombies (Ossuary)
  12 kobolds
  4 kobold zombies (Ossuary)
  2 orc zombies (Ossuary)
  26 rats
133 creatures vanquished.

Vanquished Creatures (collateral kills)
  A centaur (D:6)
  An elf zombie (Ossuary)
  A scorpion (D:4)
  5 killer bees
  A crimson imp (D:5)
  A hound (D:4)
  2 orc priests
  A centaur zombie (Ossuary)
  2 human zombies (Ossuary)
  2 orc wizards (D:6)
  3 worker ants
  A killer bee zombie (D:5)
  A big kobold zombie (Ossuary)
  A mummy (Ossuary)
  7 gnolls
  7 adders
  A river rat (Sewer)
  An adder skeleton (D:4)
  A worm (D:3)
  A leopard gecko (D:5)
  7 orcs
  A goblin (D:2)
  A jackal (D:3)
  A ball python (Sewer)
  3 hobgoblin zombies (Ossuary)
  8 kobolds
  8 kobold zombies (Ossuary)
  11 orc zombies
  4 rats (Sewer)
  A rat zombie (Ossuary)
86 creatures vanquished.

Vanquished Creatures (others)
  A phantom (D:6)
  An iguana (D:8)
2 creatures vanquished.

Grand Total: 221 creatures vanquished

Notes
Turn   | Place    | Note
-------+----------+-------------------------------------------
     0 | D:1      | Illumine the Gnoll Wizard began the quest for the Orb.
     0 | D:1      | Reached XP level 1. HP: 13/13 MP: 8/8
   193 | D:1      | Reached XP level 2. HP: 19/19 MP: 8/10
   205 | D:1      | Learned a level 2 spell: Blink
   208 | D:1      | Learned a level 2 spell: Call Imp
   555 | D:1      | Reached XP level 3. HP: 25/25 MP: 8/11
   777 | D:2      | Learned a level 3 spell: Conjure Flame
   781 | D:2      | Learned a level 3 spell: Mephitic Cloud
  1002 | D:2      | Reached skill level 1 in Invocations
  1077 | D:2      | Reached skill level 1 in Fighting
  1077 | D:2      | Reached skill level 1 in Short Blades
  1077 | D:2      | Reached skill level 1 in Long Blades
  1077 | D:2      | Reached skill level 1 in Axes
  1077 | D:2      | Reached skill level 1 in Maces & Flails
  1077 | D:2      | Reached skill level 1 in Polearms
  1077 | D:2      | Reached skill level 1 in Staves
  1077 | D:2      | Reached skill level 1 in Slings
  1077 | D:2      | Reached skill level 1 in Bows
  1077 | D:2      | Reached skill level 1 in Crossbows
  1077 | D:2      | Reached skill level 1 in Throwing
  1077 | D:2      | Reached skill level 1 in Armour
  1077 | D:2      | Reached skill level 1 in Shields
  1077 | D:2      | Reached skill level 1 in Unarmed Combat
  1077 | D:2      | Reached skill level 1 in Evocations
  1077 | D:2      | Reached XP level 4. HP: 27/32 MP: 9/13
  1555 | D:3      | Found a glowing silver altar of Zin.
  1690 | D:4      | Reached skill level 1 in Hexes
  1690 | D:4      | Reached skill level 1 in Charms
  1690 | D:4      | Reached skill level 1 in Necromancy
  1690 | D:4      | Reached skill level 1 in Transmutations
  1690 | D:4      | Reached skill level 1 in Fire Magic
  1690 | D:4      | Reached skill level 1 in Ice Magic
  1690 | D:4      | Reached skill level 1 in Air Magic
  1690 | D:4      | Reached skill level 1 in Earth Magic
  1690 | D:4      | Reached skill level 1 in Poison Magic
  1744 | D:4      | Found a sand-covered staircase.
  1751 | D:4      | Reached XP level 5. HP: 34/37 MP: 10/14
  1780 | Ossuary  | Entered an ossuary
  2126 | Ossuary  | Reached XP level 6. HP: 33/44 MP: 16/16
  2507 | D:4      | Reached skill level 5 in Dodging
  2616 | D:4      | Reached XP level 7. HP: 25/50 MP: 16/18
  2778 | D:4      | Noticed Duvessa
  3131 | D:4      | Found an iron altar of Okawaru.
  3332 | D:4      | Found a transporter.
  3332 | D:4      | Found a blossoming altar of Fedhas.
  3333 | D:4      | Noticed a hornet
  3336 | D:4      | Found a transporter.
  3642 | D:5      | Entered Level 5 of the Dungeon
  3693 | D:5      | Found a hide-covered altar of Uskayaw.
  3735 | D:5      | Found a white marble altar of Elyvilon.
  3775 | D:5      | Reached skill level 5 in Stealth
  3863 | D:5      | Found a glowing golden altar of the Shining One.
  3976 | D:5      | Found a glowing drain.
  3983 | Sewer    | Entered a sewer
  4242 | Sewer    | Reached XP level 8. HP: 50/57 MP: 19/19
  5709 | D:6      | Found a staircase to the Ecumenical Temple.
  5718 | Temple   | Entered the Ecumenical Temple
  5739 | Temple   | Became a worshipper of Ashenzari the Shackled
  6334 | D:6      | Found a shimmering altar of Xom.
  6335 | D:6      | Found a hazy altar of Hepliaklqana.
  6336 | D:6      | Noticed a spectral ugly thing
  6440 | D:6      | Reached skill level 8 in Spellcasting
  7126 | D:8      | Killed from afar by a steam dragon

Levels and vault maps discovered:
D:1:      ncdulo_smallfort, layout_loops_ring, dk_noncrumbling_4
D:2:      layout_basic
D:3:      layout_rooms, zin_academy
D:4:      layout_layer_cave, lemuel_crystal_altar,
          gammafunk_temple_overflow_arena, kennysheep_mini, enter_ossuary_3,
          uniq_duvessa
D:5:      layout_cave_pools, lemuel_coloured_pillars_altar, elyvilon_altar_4,
          gup_sewer_entry_bubbles, first_ration, nicolae_tso_swordbearing_angel
D:6:      layout_loops_cross, regret_index_temple_of_mockery,
          lemuel_temple_firewalk_a
D:7:      layout_basic
D:8:      layout_cave_pools, vehumet_crystals, kennysheep_vampire_church,
          minmay_lair_entry_grove, serial_glass, glass_columns_c,
          glass_columns_a, glass_columns_a, glass_columns_a, glass_columns_c,
          glass_columns_c, glass_columns_a, glass_columns_c, basic_altar
Temple:   nicolae_temple_hex_pool

Skill      XL: |  1  2  3  4  5  6  7  8 |
---------------+-------------------------+-----
Conjurations   | 2 3 |  3.7
Summonings     | 2 3 |  3.7
Translocations | 2 3 |  3.7
Invocations    | 1 2 3 4 |  4.0
Fighting       | 1 2 3 |  3.6
Short Blades   | 1 2 3 |  3.6
Long Blades    | 1 2 3 |  3.6
Axes           | 1 2 3 |  3.6
Maces & Flails | 1 2 3 |  3.6
Polearms       | 1 2 3 |  3.6
Staves         | 1 2 3 |  3.6
Slings         | 1 2 3 |  3.6
Bows           | 1 2 3 |  3.6
Crossbows      | 1 2 3 |  3.6
Throwing       | 1 2 3 |  3.6
Armour         | 1 2 3 |  3.6
Shields        | 1 2 3 |  3.6
Unarmed Combat | 1 2 3 |  3.6
Evocations     | 1 2 3 |  3.6
Hexes          | 1 2 3 |  3.0
Charms         | 1 2 3 |  3.0
Necromancy     | 1 2 3 |  3.0
Transmutations | 1 2 3 |  3.0
Fire Magic     | 1 2 3 |  3.0
Ice Magic      | 1 2 3 |  3.0
Air Magic      | 1 2 3 |  3.0
Earth Magic    | 1 2 3 |  3.0
Poison Magic   | 1 2 3 |  3.0
Dodging        | 5 |  5.9
Stealth        | 5 |  5.6
Spellcasting   | 8 |  8.1

Action                   |  1- 3 |  4- 6 |  7- 9 || total
-------------------------+-------+-------+-------++-------
Melee: Dagger            |     7 |       |       ||     7
       Spear             |       |   205 |       ||   205
       Bite              |       |    18 |    12 ||    30
       Punch             |       |     1 |     2 ||     3
       Short sword       |       |       |   156 ||   156
       Flail             |       |       |   126 ||   126
Throw: Dart              |       |     1 |       ||     1
 Cast: Magic Dart        |    70 |    21 |     8 ||    99
       Call Imp          |     4 |    45 |    64 ||   113
       Mephitic Cloud    |     1 |       |     9 ||    10
Invok: Curse Item        |       |       |     3 ||     3
  Use: Scroll            |       |     5 |       ||     5
       Potion            |       |     3 |     5 ||     8
 Stab: Distracted        |       |     6 |     2 ||     8
       Sleeping          |       |     1 |     8 ||     9
  Eat: Chunk             |       |     3 |     7 ||    10
       Ration            |       |     1 |     2 ||     3
Armor: Robe              |       |    38 |    81 ||   119
Dodge: Dodged            |    13 |   148 |   285 ||   446
